[ AOE2 MATCH · #484694236 ]
UnrankedPersians vs Britons
[ REPLAY ANALYSIS · EXTRACTED FROM THE RECORDED GAME ]
Feudal
9:14
Castle
—
Imperial
—
| APM avg | 55.3 |
| APM peak | 122 |
| eAPM avg | 14.3 |
| Villagers / military | 40 / 8 |
Focus
⚔️ 31.0% · 🌾 69.0%
Scout Cavalry ×7 · Spearman ×1
Feudal
9:22
Castle
—
Imperial
—
| APM avg | 52.0 |
| APM peak | 81 |
| eAPM avg | 17.9 |
| Villagers / military | 32 / 8 |
Focus
⚔️ 42.4% · 🌾 57.6%
Archer ×8
Feudal
8:30
Castle
—
Imperial
—
| APM avg | 79.8 |
| APM peak | 110 |
| eAPM avg | 33.4 |
| Villagers / military | 37 / 18 |
Focus
⚔️ 62.0% · 🌾 38.0%
Archer ×17 · Spearman ×1
Feudal
8:27
Castle
—
Imperial
—
| APM avg | 50.8 |
| APM peak | 101 |
| eAPM avg | 17.2 |
| Villagers / military | 42 / 10 |
Focus
⚔️ 43.5% · 🌾 56.5%
Scout Cavalry ×10
Feudal
8:53
Castle
—
Imperial
—
| APM avg | 86.4 |
| APM peak | 124 |
| eAPM avg | 21.3 |
| Villagers / military | 41 / 18 |
Focus
⚔️ 44.3% · 🌾 55.7%
Scout Cavalry ×18
Feudal
9:16
Castle
—
Imperial
—
| APM avg | 46.8 |
| APM peak | 89 |
| eAPM avg | 12.3 |
| Villagers / military | 32 / 10 |
Focus
⚔️ 27.8% · 🌾 72.2%
Scout Cavalry ×10
Feudal
9:01
Castle
—
Imperial
—
| APM avg | 65.4 |
| APM peak | 92 |
| eAPM avg | 31.1 |
| Villagers / military | 45 / 19 |
Focus
⚔️ 42.2% · 🌾 57.8%
Archer ×19
Feudal
9:24
Castle
—
Imperial
—
| APM avg | 40.1 |
| APM peak | 64 |
| eAPM avg | 17.0 |
| Villagers / military | 51 / 14 |
Focus
⚔️ 21.6% · 🌾 78.4%
Skirmisher ×8 · Archer ×4 · Spearman ×2
Match map
Initial resources + every placement click. Lines = walls · curves = elevation contours. ◆ gold · ⬟ stone · ● berries · ✦ relic · ◌ wall gap
Your base· Open — unwalled flank
Panelo's base· Open — 4t gap
Orion's base· Open — unwalled flank
MrDiiego/twitch.tv's base· Open — 8t gap
richardq2301's base· Open — unwalled flank
Twitch: diep_aoe's base· Open — unwalled flank
HIX | Joako's base· Open — 12t gap
b09581270's base· Open — unwalled flank
Smoothed initial terrain · ◌ = detected wall gap · hover for details
Inputs per minute
— HIX | Mark Anthony - - Panelo
Build order — HIX | Mark Anthony
84 actions detected in the replay
| 0:01 | Create | Villager (Male) |
| 0:01 | Create | Villager (Male) |
| 0:01 | Create | Villager (Male) |
| 0:02 | Create | Villager (Male) |
| 0:02 | Create | Villager (Male) |
| 0:02 | Create | Villager (Male) |
| 0:04 | Build | House |
| 0:05 | Build | House |
| 1:23 | Create | Villager (Male) |
| 1:23 | Create | Villager (Male) |
| 1:51 | Create | Villager (Male) |
| 1:52 | Create | Villager (Male) |
| 1:54 | Build | Lumber Camp |
| 2:33 | Create | Villager (Male) |
| 2:34 | Create | Villager (Male) |
| 3:03 | Create | Villager (Male) |
| 3:03 | Create | Villager (Male) |
| 3:13 | Create | Villager (Male) |
| 3:13 | Create | Villager (Male) |
| 3:43 | Build | House |
| 3:44 | Build | House |
| 3:49 | Create | Villager (Male) |
| 3:49 | Create | Villager (Male) |
| 4:17 | Create | Villager (Male) |
| 4:18 | Create | Villager (Male) |
| 4:29 | Create | Villager (Male) |
| 4:29 | Create | Villager (Male) |
| 4:51 | Build | Mill |
| 5:08 | Create | Villager (Male) |
| 5:08 | Create | Villager (Male) |
| 5:08 | Create | Villager (Male) |
| 6:01 | Research | Loom |
| 6:50 | Research | Feudal Age |
| 7:38 | Build | Barracks |
| 7:40 | Build | House |
| 8:21 | Build | House |
| 8:25 | Create | Villager (Male) |
| 8:25 | Create | Villager (Male) |
| 9:14 | Age | Feudal Age |
| 9:16 | Build | Stable |
| 9:19 | Create | Villager (Male) |
| 9:21 | Research | Double-Bit Axe |
| 9:36 | Build | Farm |
| 10:03 | Create | Villager (Male) |
| 10:04 | Create | Villager (Male) |
| 10:20 | Create | Villager (Male) |
| 10:23 | Create | Scout Cavalry |
| 10:23 | Create | Scout Cavalry |
| 10:33 | Create | Villager (Male) |
| 10:36 | Build | Farm |
| 10:36 | Build | Farm |
| 10:43 | Create | Villager (Male) |
| 10:45 | Create | Spearman |
| 10:52 | Build | Farm |
| 10:53 | Build | Farm |
| 11:07 | Create | Scout Cavalry |
| 11:13 | Build | Blacksmith |
| 11:42 | Create | Villager (Male) |
| 12:01 | Create | Villager (Male) |
| 12:25 | Create | Villager (Male) |
| 12:27 | Create | Scout Cavalry |
| 12:28 | Create | Scout Cavalry |
| 12:35 | Build | Farm |
| 12:36 | Build | Farm |
| 12:36 | Build | Farm |
| 12:36 | Build | Farm |
| 12:37 | Build | Farm |
| 13:08 | Create | Villager (Male) |
| 13:10 | Build | House |
| 13:11 | Build | House |
| 13:26 | Build | Farm |
| 13:29 | Build | Farm |
| 13:49 | Research | Scale Barding Armor |
| 13:58 | Create | Villager (Male) |
| 14:01 | Build | Farm |
| 14:01 | Build | Farm |
| 14:02 | Build | Farm |
| 14:46 | Create | Villager (Male) |
| 14:49 | Create | Scout Cavalry |
| 14:49 | Create | Scout Cavalry |
| 15:01 | Create | Villager (Male) |
| 15:04 | Build | Farm |
| 15:05 | Build | Farm |
| 15:05 | Build | Farm |
Build order — Panelo
68 actions detected in the replay
| 0:01 | Create | Villager (Male) |
| 0:02 | Create | Villager (Male) |
| 0:02 | Create | Villager (Male) |
| 0:02 | Create | Villager (Male) |
| 0:04 | Build | House |
| 0:06 | Build | House |
| 1:22 | Create | Villager (Male) |
| 1:22 | Create | Villager (Male) |
| 1:47 | Create | Villager (Male) |
| 1:49 | Build | Lumber Camp |
| 2:06 | Create | Villager (Male) |
| 2:06 | Create | Villager (Male) |
| 2:24 | Create | Villager (Male) |
| 2:25 | Create | Villager (Male) |
| 2:45 | Create | Villager (Male) |
| 2:45 | Create | Villager (Male) |
| 2:57 | Create | Villager (Male) |
| 3:20 | Create | Villager (Male) |
| 3:43 | Create | Villager (Male) |
| 3:43 | Create | Villager (Male) |
| 4:17 | Create | Villager (Male) ×2 |
| 4:23 | Build | House |
| 4:24 | Build | House |
| 4:37 | Create | Villager (Male) |
| 4:58 | Create | Villager (Male) |
| 6:05 | Build | Mining Camp |
| 6:22 | Research | Loom |
| 7:02 | Build | Lumber Camp |
| 7:12 | Research | Feudal Age |
| 8:19 | Build | Barracks |
| 9:03 | Build | Palisade Wall |
| 9:04 | Build | Palisade Wall |
| 9:06 | Build | Palisade Wall |
| 9:07 | Build | Palisade Wall |
| 9:22 | Age | Feudal Age |
| 9:38 | Build | Archery Range |
| 9:40 | Create | Villager (Male) |
| 9:41 | Research | Double-Bit Axe |
| 9:50 | Create | Villager (Male) |
| 10:05 | Create | Villager (Male) |
| 10:20 | Build | Archery Range |
| 10:23 | Create | Archer |
| 10:25 | Create | Villager (Male) |
| 10:39 | Create | Archer |
| 10:41 | Create | Villager (Male) |
| 10:58 | Create | Archer |
| 11:09 | Create | Archer ×2 |
| 11:14 | Build | House |
| 11:15 | Build | House |
| 11:28 | Build | House |
| 11:29 | Build | Palisade Wall |
| 11:34 | Create | Archer |
| 11:47 | Create | Villager (Male) |
| 11:50 | Build | Mill |
| 12:16 | Create | Villager (Male) |
| 12:16 | Create | Villager (Male) |
| 12:32 | Build | Blacksmith |
| 12:37 | Build | House |
| 12:41 | Build | Palisade Wall |
| 12:42 | Build | Palisade Wall |
| 13:11 | Create | Villager (Male) |
| 13:11 | Create | Villager (Male) |
| 13:23 | Create | Villager (Male) |
| 14:09 | Research | Fletching |
| 14:13 | Build | House |
| 14:20 | Build | Palisade Wall |
| 14:23 | Create | Archer |
| 14:23 | Create | Archer |
Build order — Orion
91 actions detected in the replay
| 0:01 | Create | Villager (Male) |
| 0:01 | Create | Villager (Male) |
| 0:02 | Build | House |
| 0:03 | Build | House |
| 0:07 | Create | Villager (Male) |
| 0:29 | Create | Villager (Male) |
| 1:20 | Build | Lumber Camp |
| 1:23 | Create | Villager (Male) |
| 1:24 | Create | Villager (Male) |
| 1:54 | Create | Villager (Male) |
| 1:54 | Create | Villager (Male) |
| 2:07 | Create | Villager (Male) |
| 2:07 | Create | Villager (Male) |
| 2:37 | Create | Villager (Male) |
| 2:38 | Create | Villager (Male) |
| 3:21 | Create | Villager (Male) |
| 3:21 | Create | Villager (Male) |
| 3:27 | Build | House |
| 3:28 | Build | Palisade Wall |
| 3:45 | Create | Villager (Male) |
| 3:45 | Create | Villager (Male) |
| 4:17 | Build | Palisade Wall |
| 4:31 | Create | Villager (Male) |
| 4:54 | Create | Villager (Male) |
| 5:13 | Build | Mining Camp |
| 5:16 | Create | Villager (Male) |
| 5:17 | Research | Loom |
| 6:20 | Research | Feudal Age |
| 6:27 | Build | Barracks |
| 8:30 | Age | Feudal Age |
| 8:32 | Build | Archery Range |
| 8:34 | Build | Archery Range |
| 8:38 | Create | Villager (Male) |
| 8:44 | Build | House |
| 8:54 | Create | Villager (Male) |
| 9:15 | Create | Archer |
| 9:28 | Create | Archer |
| 9:30 | Create | Villager (Male) |
| 9:35 | Build | Palisade Wall |
| 9:36 | Build | Palisade Wall |
| 9:46 | Create | Archer |
| 9:50 | Create | Villager (Male) |
| 9:52 | Build | House |
| 10:15 | Create | Archer |
| 10:20 | Build | House |
| 10:24 | Create | Spearman |
| 10:27 | Create | Villager (Male) |
| 10:40 | Create | Villager (Male) |
| 10:41 | Create | Archer |
| 10:46 | Build | Palisade Wall |
| 10:47 | Build | Palisade Wall |
| 11:07 | Create | Archer |
| 11:07 | Create | Villager (Male) |
| 11:25 | Create | Villager (Male) |
| 11:25 | Create | Villager (Male) |
| 11:37 | Create | Archer |
| 11:44 | Build | Mill |
| 11:48 | Create | Villager (Male) |
| 11:50 | Build | Palisade Wall |
| 11:59 | Create | Archer |
| 12:15 | Create | Archer |
| 12:15 | Create | Villager (Male) |
| 12:18 | Build | Blacksmith |
| 12:37 | Build | Palisade Wall |
| 12:49 | Create | Archer |
| 13:02 | Create | Archer |
| 13:09 | Research | Fletching |
| 13:09 | Research | Fletching |
| 13:12 | Build | House |
| 13:19 | Build | House |
| 13:30 | Create | Archer |
| 13:46 | Create | Archer |
| 13:48 | Create | Villager (Male) |
| 13:52 | Build | House |
| 13:56 | Create | Villager (Male) |
| 13:56 | Create | Villager (Male) |
| 13:59 | Create | Archer |
| 14:09 | Create | Archer |
| 14:14 | Create | Villager (Male) |
| 14:15 | Build | Farm |
| 14:23 | Create | Archer |
| 14:46 | Create | Villager (Male) |
| 14:47 | Build | Farm |
| 14:48 | Build | Farm |
| 14:49 | Build | Farm |
| 14:51 | Build | Farm |
| 14:59 | Create | Archer |
| 15:12 | Create | Villager (Male) |
| 15:20 | Build | Farm |
| 15:33 | Create | Villager (Male) |
| 15:34 | Build | House |
Build order — MrDiiego/twitch.tv
93 actions detected in the replay
| 0:02 | Create | Villager (Male) |
| 0:02 | Create | Villager (Male) |
| 0:02 | Create | Villager (Male) |
| 0:03 | Create | Villager (Male) |
| 0:03 | Create | Villager (Male) |
| 0:04 | Build | House |
| 0:05 | Build | House |
| 1:11 | Create | Villager (Male) |
| 1:41 | Create | Villager (Male) |
| 1:41 | Create | Villager (Male) |
| 1:51 | Create | Villager (Male) |
| 2:04 | Build | Lumber Camp |
| 2:26 | Create | Villager (Male) |
| 2:26 | Create | Villager (Male) |
| 2:54 | Create | Villager (Male) |
| 2:54 | Create | Villager (Male) |
| 3:31 | Create | Villager (Male) |
| 3:31 | Create | Villager (Male) |
| 3:51 | Build | House |
| 4:00 | Create | Villager (Male) |
| 4:00 | Create | Villager (Male) |
| 4:39 | Create | Villager (Male) |
| 4:39 | Create | Villager (Male) |
| 4:41 | Build | Mill |
| 4:59 | Create | Villager (Male) |
| 5:07 | Create | Villager (Male) |
| 5:07 | Create | Villager (Male) |
| 5:21 | Create | Villager (Male) |
| 5:27 | Create | Villager (Male) |
| 5:27 | Create | Villager (Male) |
| 5:51 | Create | Villager (Male) |
| 5:55 | Create | Villager (Male) |
| 5:55 | Create | Villager (Male) |
| 6:16 | Research | Feudal Age |
| 6:53 | Build | House |
| 7:24 | Build | Barracks |
| 7:37 | Create | Villager (Male) |
| 7:58 | Create | Villager (Male) |
| 8:17 | Build | House |
| 8:18 | Build | Palisade Wall |
| 8:25 | Build | House |
| 8:27 | Age | Feudal Age |
| 8:30 | Build | Stable |
| 8:37 | Build | Palisade Wall |
| 8:40 | Research | Double-Bit Axe |
| 8:51 | Research | Loom |
| 8:56 | Build | Palisade Wall |
| 8:59 | Build | Palisade Wall |
| 9:00 | Build | Palisade Wall |
| 9:03 | Build | Palisade Wall |
| 9:11 | Create | Scout Cavalry |
| 9:24 | Create | Villager (Male) |
| 9:30 | Create | Villager (Male) |
| 9:32 | Build | Farm |
| 9:34 | Build | Farm |
| 9:40 | Build | House |
| 9:44 | Build | Palisade Wall |
| 9:50 | Create | Scout Cavalry |
| 9:51 | Create | Scout Cavalry |
| 9:58 | Build | Palisade Wall |
| 10:09 | Create | Scout Cavalry |
| 10:21 | Build | Farm |
| 10:25 | Create | Villager (Male) |
| 10:29 | Build | House |
| 10:33 | Create | Villager (Male) |
| 10:50 | Create | Scout Cavalry |
| 11:02 | Build | Farm |
| 11:06 | Build | House |
| 11:10 | Create | Villager (Male) |
| 11:17 | Build | Farm |
| 11:27 | Create | Scout Cavalry |
| 11:43 | Build | House |
| 11:46 | Create | Villager (Male) |
| 11:53 | Build | Farm |
| 12:15 | Create | Villager (Male) |
| 12:16 | Create | Scout Cavalry |
| 12:29 | Create | Villager (Male) |
| 12:32 | Build | Blacksmith |
| 12:44 | Create | Villager (Male) |
| 12:46 | Build | Farm |
| 12:47 | Build | Farm |
| 12:47 | Build | Farm |
| 12:59 | Create | Scout Cavalry |
| 13:20 | Create | Villager (Male) |
| 13:23 | Build | Farm |
| 13:23 | Build | Farm |
| 13:23 | Build | Farm |
| 13:32 | Create | Scout Cavalry |
| 13:54 | Create | Villager (Male) |
| 14:00 | Build | Palisade Wall |
| 14:09 | Research | Scale Barding Armor |
| 14:19 | Create | Scout Cavalry |
| 14:33 | Create | Villager (Male) |
Build order — richardq2301
102 actions detected in the replay
| 0:01 | Create | Villager (Male) |
| 0:02 | Create | Villager (Male) |
| 0:02 | Create | Villager (Male) |
| 0:02 | Create | Villager (Male) |
| 0:02 | Create | Villager (Male) |
| 0:04 | Build | House |
| 0:06 | Build | House |
| 1:27 | Create | Villager (Male) |
| 1:27 | Create | Villager (Male) |
| 1:58 | Create | Villager (Male) |
| 1:58 | Create | Villager (Male) |
| 1:58 | Create | Villager (Male) |
| 2:21 | Build | Lumber Camp |
| 2:23 | Create | Villager (Male) |
| 2:54 | Create | Villager (Male) |
| 2:54 | Create | Villager (Male) |
| 2:55 | Create | Villager (Male) |
| 3:04 | Create | Villager (Male) |
| 3:05 | Create | Villager (Male) |
| 3:44 | Create | Villager (Male) |
| 3:44 | Create | Villager (Male) |
| 3:44 | Create | Villager (Male) |
| 3:57 | Create | Villager (Male) |
| 3:57 | Create | Villager (Male) |
| 4:00 | Build | House |
| 4:38 | Create | Villager (Male) |
| 4:38 | Create | Villager (Male) |
| 4:38 | Create | Villager (Male) |
| 4:43 | Build | House |
| 4:48 | Create | Villager (Male) |
| 4:48 | Create | Villager (Male) |
| 4:56 | Build | Mill |
| 5:09 | Create | Villager (Male) |
| 5:45 | Research | Loom |
| 6:42 | Research | Feudal Age |
| 6:42 | Research | Feudal Age |
| 7:43 | Build | Barracks |
| 8:00 | Build | Farm |
| 8:02 | Create | Villager (Male) |
| 8:18 | Build | Farm |
| 8:53 | Age | Feudal Age |
| 8:57 | Build | Stable |
| 9:05 | Research | Double-Bit Axe |
| 9:05 | Research | Double-Bit Axe |
| 9:05 | Research | Double-Bit Axe |
| 9:09 | Create | Villager (Male) |
| 9:18 | Research | Horse Collar |
| 9:18 | Research | Horse Collar |
| 9:23 | Build | House |
| 9:31 | Research | Town Watch |
| 9:34 | Create | Villager (Male) |
| 9:43 | Build | House |
| 9:59 | Create | Scout Cavalry |
| 10:00 | Create | Scout Cavalry |
| 10:00 | Create | Scout Cavalry |
| 10:00 | Create | Scout Cavalry |
| 10:01 | Create | Scout Cavalry |
| 10:07 | Build | House |
| 10:12 | Build | Palisade Wall |
| 10:18 | Create | Villager (Male) |
| 10:40 | Build | House |
| 10:43 | Create | Villager (Male) |
| 10:56 | Build | Farm |
| 11:07 | Create | Scout Cavalry |
| 11:08 | Create | Villager (Male) |
| 11:10 | Build | Farm |
| 11:27 | Create | Villager (Male) |
| 11:27 | Create | Villager (Male) |
| 11:29 | Build | Farm |
| 11:40 | Create | Scout Cavalry |
| 11:41 | Create | Scout Cavalry |
| 11:44 | Build | Farm |
| 12:09 | Create | Scout Cavalry |
| 12:09 | Create | Scout Cavalry |
| 12:21 | Create | Scout Cavalry |
| 12:42 | Create | Scout Cavalry |
| 13:02 | Create | Villager (Male) |
| 13:02 | Create | Villager (Male) |
| 13:02 | Create | Villager (Male) |
| 13:06 | Build | Blacksmith |
| 13:07 | Build | Farm |
| 13:16 | Build | House |
| 13:18 | Build | Palisade Wall |
| 13:19 | Create | Villager (Male) |
| 13:24 | Create | Scout Cavalry |
| 13:35 | Build | Farm |
| 13:41 | Build | Palisade Wall |
| 13:42 | Build | Palisade Wall |
| 13:45 | Build | Palisade Wall |
| 13:52 | Create | Scout Cavalry |
| 13:55 | Create | Villager (Male) |
| 14:01 | Build | Stable |
| 14:08 | Build | Palisade Wall |
| 14:09 | Build | Palisade Wall |
| 14:26 | Create | Scout Cavalry |
| 14:40 | Create | Scout Cavalry |
| 14:57 | Create | Scout Cavalry |
| 15:03 | Create | Scout Cavalry |
| 15:07 | Research | Forging |
| 15:07 | Research | Forging |
| 15:13 | Build | Farm |
| 15:31 | Create | Villager (Male) |
Build order — Twitch: diep_aoe
78 actions detected in the replay
| 0:01 | Create | Villager (Male) |
| 0:03 | Build | House |
| 0:05 | Build | House |
| 0:13 | Create | Villager (Male) |
| 0:13 | Create | Villager (Male) |
| 0:14 | Create | Villager (Male) |
| 1:25 | Create | Villager (Male) |
| 1:59 | Create | Villager (Male) |
| 1:59 | Create | Villager (Male) |
| 2:24 | Create | Villager (Male) |
| 2:24 | Create | Villager (Male) |
| 2:24 | Create | Villager (Male) |
| 2:54 | Create | Villager (Male) |
| 2:54 | Create | Villager (Male) |
| 3:13 | Create | Villager (Male) |
| 3:13 | Create | Villager (Male) |
| 3:21 | Build | Lumber Camp |
| 3:51 | Build | House |
| 4:03 | Create | Villager (Male) |
| 4:03 | Create | Villager (Male) |
| 4:32 | Create | Villager (Male) |
| 4:32 | Create | Villager (Male) |
| 4:33 | Create | Villager (Male) |
| 4:55 | Create | Villager (Male) |
| 5:27 | Build | Mill |
| 5:35 | Create | Villager (Male) |
| 5:36 | Create | Villager (Male) |
| 5:36 | Create | Villager (Male) |
| 5:53 | Research | Loom |
| 5:53 | Research | Loom |
| 6:46 | Research | Feudal Age |
| 6:47 | Research | Feudal Age |
| 6:59 | Create | Villager (Male) |
| 6:59 | Create | Villager (Male) |
| 7:09 | Create | Villager (Male) |
| 8:02 | Build | House |
| 8:36 | Build | Barracks |
| 9:16 | Age | Feudal Age |
| 9:20 | Research | Double-Bit Axe |
| 9:20 | Research | Double-Bit Axe |
| 9:23 | Build | Stable |
| 9:48 | Create | Villager (Male) |
| 10:17 | Create | Scout Cavalry |
| 10:22 | Build | Stable |
| 10:29 | Create | Villager (Male) |
| 10:34 | Build | Farm |
| 10:46 | Build | House |
| 10:55 | Research | Wheelbarrow |
| 10:55 | Research | Wheelbarrow |
| 10:59 | Create | Scout Cavalry |
| 11:19 | Build | House |
| 11:48 | Create | Scout Cavalry |
| 11:48 | Create | Scout Cavalry |
| 11:56 | Build | Blacksmith |
| 12:01 | Build | House |
| 12:08 | Build | House |
| 12:21 | Create | Scout Cavalry |
| 12:21 | Create | Scout Cavalry |
| 12:25 | Create | Villager (Male) |
| 12:25 | Create | Villager (Male) |
| 12:31 | Build | Farm |
| 12:35 | Build | Farm |
| 13:06 | Research | Scale Barding Armor |
| 13:06 | Research | Scale Barding Armor |
| 13:08 | Create | Villager (Male) |
| 13:14 | Build | Farm |
| 13:17 | Build | Farm |
| 13:19 | Build | Farm |
| 13:20 | Build | Farm |
| 13:51 | Create | Scout Cavalry ×2 |
| 13:53 | Create | Villager (Male) |
| 14:20 | Create | Scout Cavalry |
| 14:20 | Create | Scout Cavalry |
| 14:41 | Build | Farm |
| 14:41 | Build | Farm |
| 14:43 | Build | Farm |
| 14:45 | Build | Farm |
| 14:47 | Build | Farm |
Build order — HIX | Joako
104 actions detected in the replay
| 0:01 | Create | Villager (Male) |
| 0:01 | Create | Villager (Male) |
| 0:02 | Create | Villager (Male) |
| 0:04 | Research | Loom |
| 0:05 | Build | House |
| 0:06 | Build | House |
| 0:09 | Create | Villager (Male) |
| 0:09 | Create | Villager (Male) |
| 0:14 | Create | Villager (Male) |
| 1:27 | Create | Villager (Male) |
| 1:53 | Create | Villager (Male) |
| 1:53 | Create | Villager (Male) |
| 1:59 | Build | Lumber Camp |
| 2:33 | Create | Villager (Male) |
| 2:33 | Create | Villager (Male) |
| 2:40 | Create | Villager (Male) |
| 2:40 | Create | Villager (Male) |
| 3:07 | Create | Villager (Male) |
| 3:34 | Create | Villager (Male) |
| 3:56 | Create | Villager (Male) |
| 3:56 | Create | Villager (Male) |
| 4:04 | Build | House |
| 4:09 | Build | House |
| 4:19 | Create | Villager (Male) |
| 4:19 | Create | Villager (Male) |
| 4:32 | Create | Villager (Male) |
| 4:32 | Create | Villager (Male) |
| 4:37 | Build | Mining Camp |
| 4:52 | Create | Villager (Male) |
| 5:33 | Create | Villager (Male) |
| 5:59 | Create | Villager (Male) |
| 6:51 | Research | Feudal Age |
| 6:51 | Research | Feudal Age |
| 6:52 | Research | Feudal Age |
| 7:47 | Build | Barracks |
| 9:00 | Create | Villager (Male) |
| 9:01 | Age | Feudal Age |
| 9:05 | Build | Archery Range |
| 9:10 | Build | Archery Range |
| 9:13 | Create | Villager (Male) |
| 9:17 | Build | Palisade Wall |
| 9:28 | Research | Double-Bit Axe |
| 9:28 | Research | Double-Bit Axe |
| 9:30 | Create | Villager (Male) |
| 10:00 | Build | House |
| 10:04 | Create | Archer |
| 10:10 | Build | House |
| 10:13 | Build | House |
| 10:32 | Create | Archer |
| 10:38 | Create | Archer |
| 10:41 | Create | Archer |
| 10:44 | Create | Villager (Male) |
| 10:44 | Create | Villager (Male) |
| 10:46 | Build | Palisade Wall |
| 10:56 | Create | Archer |
| 11:05 | Build | Palisade Wall |
| 11:10 | Create | Archer |
| 11:17 | Create | Villager (Male) |
| 11:34 | Create | Villager (Male) |
| 11:35 | Create | Villager (Male) |
| 11:46 | Build | House |
| 11:48 | Build | Palisade Wall |
| 11:52 | Create | Archer |
| 12:00 | Build | House |
| 12:03 | Build | Blacksmith |
| 12:04 | Create | Villager (Male) |
| 12:04 | Create | Villager (Male) |
| 12:09 | Create | Archer |
| 12:10 | Create | Archer |
| 12:24 | Build | House |
| 12:30 | Create | Villager (Male) |
| 12:34 | Create | Villager (Male) |
| 12:34 | Create | Villager (Male) |
| 12:38 | Create | Archer |
| 12:46 | Build | Lumber Camp |
| 12:49 | Create | Archer |
| 12:54 | Research | Fletching |
| 12:55 | Research | Fletching |
| 13:06 | Create | Archer |
| 13:10 | Create | Villager (Male) |
| 13:21 | Build | Mill |
| 13:29 | Build | House |
| 13:30 | Build | Palisade Wall |
| 13:35 | Create | Archer |
| 13:37 | Create | Villager (Male) |
| 13:46 | Create | Archer |
| 13:48 | Create | Villager (Male) |
| 13:54 | Build | Farm |
| 13:58 | Create | Archer |
| 14:14 | Create | Archer |
| 14:23 | Create | Villager (Male) |
| 14:32 | Create | Archer |
| 14:44 | Create | Villager (Male) |
| 14:46 | Build | House |
| 14:51 | Build | Farm |
| 14:52 | Build | Farm |
| 14:52 | Build | Farm |
| 15:05 | Create | Villager (Male) |
| 15:14 | Build | Farm |
| 15:15 | Create | Archer |
| 15:18 | Build | Farm |
| 15:19 | Create | Villager (Male) |
| 15:26 | Create | Archer |
| 15:36 | Create | Villager (Male) |
Build order — b09581270
87 actions detected in the replay
| 0:02 | Create | Villager (Male) ×4 |
| 0:02 | Create | Villager (Male) ×4 |
| 0:04 | Build | House |
| 0:06 | Build | House |
| 1:26 | Research | Loom |
| 1:38 | Create | Villager (Male) |
| 1:38 | Create | Villager (Male) |
| 2:06 | Create | Villager (Male) |
| 2:06 | Create | Villager (Male) |
| 2:34 | Create | Villager (Male) |
| 2:34 | Create | Villager (Male) |
| 3:00 | Create | Villager (Male) |
| 3:00 | Create | Villager (Male) |
| 3:02 | Create | Villager (Male) |
| 3:05 | Build | Lumber Camp |
| 3:39 | Create | Villager (Male) |
| 3:39 | Create | Villager (Male) |
| 3:58 | Build | House |
| 4:32 | Create | Villager (Male) |
| 4:32 | Create | Villager (Male) |
| 4:44 | Create | Villager (Male) |
| 4:45 | Create | Villager (Male) |
| 5:09 | Create | Villager (Male) |
| 5:09 | Create | Villager (Male) |
| 5:10 | Create | Villager (Male) |
| 5:19 | Create | Villager (Male) |
| 5:20 | Create | Villager (Male) |
| 5:29 | Create | Villager (Male) |
| 5:29 | Create | Villager (Male) |
| 5:36 | Create | Villager (Male) |
| 6:09 | Create | Villager (Male) |
| 6:09 | Create | Villager (Male) |
| 6:19 | Build | Mill |
| 6:49 | Build | House |
| 7:14 | Research | Feudal Age |
| 7:14 | Research | Feudal Age |
| 8:19 | Build | House |
| 8:34 | Create | Villager (Male) |
| 8:41 | Build | Barracks |
| 9:18 | Build | Mining Camp |
| 9:24 | Age | Feudal Age |
| 9:26 | Create | Villager (Male) |
| 9:29 | Research | Double-Bit Axe |
| 9:47 | Build | Palisade Wall |
| 9:49 | Build | Palisade Wall |
| 9:50 | Build | Palisade Wall |
| 9:51 | Build | Palisade Wall |
| 9:53 | Build | Palisade Wall |
| 9:55 | Build | Palisade Wall |
| 9:59 | Create | Villager (Male) |
| 9:59 | Create | Villager (Male) |
| 10:45 | Build | Archery Range |
| 10:53 | Create | Villager (Male) |
| 11:19 | Create | Archer |
| 11:19 | Create | Archer |
| 11:25 | Create | Villager (Male) |
| 11:37 | Create | Villager (Male) |
| 11:43 | Build | House |
| 11:44 | Build | House |
| 11:52 | Create | Villager (Male) |
| 11:56 | Create | Villager (Male) |
| 12:11 | Create | Archer |
| 12:18 | Create | Archer |
| 12:22 | Create | Spearman |
| 12:22 | Create | Spearman |
| 12:24 | Create | Villager (Male) |
| 12:29 | Create | Skirmisher |
| 12:53 | Create | Villager (Male) |
| 12:56 | Create | Skirmisher |
| 13:15 | Build | Lumber Camp |
| 13:34 | Create | Villager (Male) |
| 13:50 | Create | Villager (Male) |
| 14:01 | Build | Blacksmith |
| 14:13 | Create | Skirmisher |
| 14:14 | Create | Skirmisher |
| 14:14 | Create | Skirmisher |
| 14:36 | Create | Skirmisher |
| 14:38 | Build | Farm |
| 14:39 | Build | Farm |
| 14:48 | Create | Villager (Male) |
| 14:48 | Create | Villager (Male) |
| 14:49 | Create | Villager (Male) |
| 14:51 | Create | Skirmisher |
| 14:52 | Create | Skirmisher |
| 15:10 | Create | Villager (Male) |
| 15:22 | Create | Villager (Male) |
| 15:27 | Build | Farm |
Match timeline
| 3:28 | Orion · wall_segment Palisade Wall x2 |
| 4:17 | Orion · wall_segment Palisade Wall x3 |
| 6:27 | Orion · first_building Barracks |
| 7:24 | MrDiiego/twitch.tv · first_building Barracks |
| 7:38 | HIX | Mark Anthony · first_building Barracks |
| 7:43 | richardq2301 · first_building Barracks |
| 7:47 | HIX | Joako · first_building Barracks |
| 8:18 | MrDiiego/twitch.tv · wall_segment Palisade Wall x1 |
| 8:19 | Panelo · first_building Barracks |
| 8:27 | MrDiiego/twitch.tv · age_up feudal |
| 8:30 | MrDiiego/twitch.tv · first_building Stable |
| 8:30 | Orion · age_up feudal |
| 8:32 | Orion · first_building Archery Range |
| 8:36 | Twitch: diep_aoe · first_building Barracks |
| 8:37 | MrDiiego/twitch.tv · wall_segment Palisade Wall x4 |
| 8:41 | b09581270 · first_building Barracks |
| 8:53 | richardq2301 · age_up feudal |
| 8:56 | MrDiiego/twitch.tv · wall_segment Palisade Wall x4 |
| 8:57 | richardq2301 · first_building Stable |
| 8:59 | MrDiiego/twitch.tv · wall_segment Palisade Wall x3 |
| 9:00 | MrDiiego/twitch.tv · wall_segment Palisade Wall x6 |
| 9:01 | HIX | Joako · age_up feudal |
| 9:03 | Panelo · wall_segment Palisade Wall x1 |
| 9:03 | MrDiiego/twitch.tv · wall_segment Palisade Wall x9 |
| 9:04 | Panelo · wall_segment Palisade Wall x1 |
| 9:05 | HIX | Joako · first_building Archery Range |
| 9:06 | Panelo · wall_segment Palisade Wall x1 |
| 9:07 | Panelo · wall_segment Palisade Wall x1 |
| 9:14 | HIX | Mark Anthony · age_up feudal |
| 9:16 | HIX | Mark Anthony · first_building Stable |
| 9:16 | Twitch: diep_aoe · age_up feudal |
| 9:17 | HIX | Joako · wall_segment Palisade Wall x1 |
| 9:22 | Panelo · age_up feudal |
| 9:23 | Twitch: diep_aoe · first_building Stable |
| 9:24 | b09581270 · age_up feudal |
| 9:35 | Orion · wall_segment Palisade Wall x1 |
| 9:36 | Orion · wall_segment Palisade Wall x1 |
| 9:38 | Panelo · first_building Archery Range |
| 9:44 | MrDiiego/twitch.tv · wall_segment Palisade Wall x2 |
| 9:47 | b09581270 · wall_segment Palisade Wall x1 |
| 9:49 | b09581270 · wall_segment Palisade Wall x1 |
| 9:50 | b09581270 · wall_segment Palisade Wall x1 |
| 9:51 | b09581270 · wall_segment Palisade Wall x1 |
| 9:53 | b09581270 · wall_segment Palisade Wall x2 |
| 9:55 | b09581270 · wall_segment Palisade Wall x1 |
| 9:58 | MrDiiego/twitch.tv · wall_segment Palisade Wall x1 |
| 10:12 | richardq2301 · wall_segment Palisade Wall x7 |
| 10:45 | b09581270 · first_building Archery Range |
| 10:46 | Orion · wall_segment Palisade Wall x3 |
| 10:46 | HIX | Joako · wall_segment Palisade Wall x7 |
| 10:47 | Orion · wall_segment Palisade Wall x3 |
| 11:05 | HIX | Joako · wall_segment Palisade Wall x1 |
| 11:29 | Panelo · wall_segment Palisade Wall x1 |
| 11:48 | HIX | Joako · wall_segment Palisade Wall x14 |
| 11:50 | Orion · wall_segment Palisade Wall x1 |
| 12:37 | Orion · wall_segment Palisade Wall x5 |
| 12:41 | Panelo · wall_segment Palisade Wall x1 |
| 12:42 | Panelo · wall_segment Palisade Wall x1 |
| 13:18 | richardq2301 · wall_segment Palisade Wall x2 |
| 13:30 | HIX | Joako · wall_segment Palisade Wall x10 |
| 13:41 | richardq2301 · wall_segment Palisade Wall x5 |
| 13:42 | richardq2301 · wall_segment Palisade Wall x5 |
| 13:45 | richardq2301 · wall_segment Palisade Wall x7 |
| 14:00 | MrDiiego/twitch.tv · wall_segment Palisade Wall x21 |
| 14:08 | richardq2301 · wall_segment Palisade Wall x8 |
| 14:09 | richardq2301 · wall_segment Palisade Wall x7 |
| 14:20 | Panelo · wall_segment Palisade Wall x2 |
| 14:41 | Panelo · resign |
[ AI ANALYSIS · 1 CREDIT ]
What really happened in this match?
Wolo.gg analyzes every decision: build order, eco, micro, common mistakes by bracket. Personalized analysis on WhatsApp or Discord in 30 seconds.
Civ guide
Persians
Perfil
HIX | Mark Anthony